Map: Rhoskallian LE

Players

qqq

  • Race: Zerg Zerg
  • Spawn Location: 5:00

Massa

  • Race: Terran Terran
  • League: Platinum
  • Spawn Location: 6:00

BLACKAMBUSH - Winner!

  • Race: Terran Terran
  • Spawn Location: 11:00

Esquire - Winner!

  • Race: Protoss Protoss
  • League: Diamond
  • Spawn Location: 12:00

VOD

Have the link to the VOD?

Description

Time

  • Played on: March 20, 2021, 5:25 p.m.
  • Length: 12:28
Show
View Real Time Build Order
Export as new Build Order

qqq Zerg 

Build Orders: Hatch First 

Get SALT Encoding   

  12  0:00  Drone  
  13  0:14  Drone  
  14  0:18  Overlord  
  14  0:50  Hatchery  
  14  0:53  Drone  
  14  0:54  Drone  
  15  1:19  Extractor, Spawning Pool  
  13  1:35  Drone x3  
  16  1:49  Drone  
  17  2:02  Drone  
  17  2:03  Drone  
  19  2:12  Queen  
  23  2:15  Drone  
  23  2:19  Drone  
  25  2:32  Lair  
  23  2:42  Hatchery  
  22  2:47  Drone  
  22  2:48  Drone  
  24  3:00  Drone  
  24  3:01  Drone x3  
  28  3:17  Metabolic Boost  
  28  3:28  Overlord x2  
  28  3:46  Queen  
  30  3:48  Drone x2  
  30  3:49  Drone  
  30  3:52  Drone  
  30  3:53  Drone, Zergling x2  
  30  3:54  Zergling x4  
  38  3:59  Queen  
  38  4:00  Drone x2  
  42  4:16  Spire  
  41  4:24  Drone x2  
  41  4:25  Drone  
  41  4:28  Drone, Extractor  
  41  4:29  Drone x2  
  41  4:31  Extractor  
  45  4:32  Drone  
  45  4:34  Extractor  
  45  4:35  Drone  
  45  4:36  Drone  
  47  4:46  Overseer  
  47  4:57  Drone x3  
  47  4:58  Overlord x3  
  47  4:59  Overlord  
  50  5:26  Hatchery  
  47  5:31  Corruptor  
  47  5:32  Mutalisk x3  
  53  5:37  Spore Crawler  
  53  5:40  Spore Crawler  
  53  5:41  Mutalisk  
  51  5:48  Mutalisk  
  53  5:57  Drone x3  
  53  5:58  Drone x2  
  58  6:11  Mutalisk x2  
  57  6:24  Corruptor  
  57  6:25  Mutalisk  
  56  6:27  Drone x3  
  59  6:33  Drone  
  61  6:42  Mutalisk  
  62  6:50  Zerg Flyer Weapons Level 1  
  62  6:53  Drone x3  
  65  7:06  Hatchery  
  64  7:19  Corruptor x3  
  64  7:20  Corruptor  
  62  7:31  Corruptor  
  64  7:48  Spine Crawler  
  64  7:49  Corruptor x2  
  67  7:57  Drone  
  67  7:58  Overlord x3  
  68  8:09  Infestation Pit  
  68  8:10  Drone  
  68  8:12  Overlord  
  68  8:13  Overlord  
  68  8:19  Spine Crawler  
  67  8:27  Corruptor x3  
  67  8:32  Drone x2  
  75  8:41  Spine Crawler  
  75  8:45  Mutalisk x2  
  77  8:48  Drone x2  
  77  8:53  Mutalisk  
  77  8:55  Drone  
  82  8:57  Drone  
  83  9:08  Mutalisk  
  85  9:25  Mutalisk x2  
  85  9:27  Drone x5  
  94  9:40  Corruptor x2  
  94  9:42  Drone x6  
  94  9:44  Extractor  
  103  9:45  Extractor  
  103  9:48  Spine Crawler  
  101  10:06  Hatchery, Drone  
  101  10:07  Drone x3, Overlord x2  
  102  10:08  Drone x3, Corruptor x2, Overlord  
  102  10:13  Hive  
  111  10:26  Zerg Flyer Armor Level 1  
  107  10:47  Spine Crawler  
  107  10:49  Spine Crawler  
  102  11:06  Drone x8, Spire  
  102  11:07  Drone x4, Corruptor x4  
  102  11:11  Mutalisk  
  121  11:17  Mutalisk  
  95  11:39  Mutalisk x4  
  89  11:42  Drone x7  
  89  11:43  Drone x3  
  105  11:52  Mutalisk x2  
  105  11:54  Drone x2  
  105  11:58  Spine Crawler  
  108  12:01  Spine Crawler  
  110  12:23  Spine Crawler  
  110  12:24  Spine Crawler, Spore Crawler  
  110  12:25  Spore Crawler  
Show
View Real Time Build Order
Export as new Build Order

Massa Terran 

Build Orders: Gas First Reaper Expand 

Get SALT Encoding   

  12  0:00  SCV  
  13  0:13  SCV  
  14  0:25  SCV, Supply Depot  
  15  0:32  Refinery  
  15  0:46  SCV  
  15  0:48  Barracks  
  16  0:59  SCV  
  17  1:20  SCV  
  18  1:37  Orbital Command  
  18  1:46  Command Center  
  18  1:57  Reaper  
  19  2:06  SCV, Supply Depot  
  20  2:20  SCV  
  21  2:29  Supply Depot  
  21  2:34  SCV  
  22  2:37  Barracks Tech Lab  
  22  2:44  Factory  
  22  2:48  SCV  
  23  2:58  Orbital Command  
  23  3:10  Marauder  
  24  3:29  SCV x2  
  25  3:42  SCV x2  
  25  3:54  SCV  
  23  3:55  Marauder  
  23  3:58  Supply Depot  
  20  4:08  Factory Tech Lab  
  20  4:12  SCV x2  
  20  4:16  Command Center  
  24  4:17  Marauder  
  24  4:22  Supply Depot  
  24  4:24  SCV x2  
  26  4:32  Engineering Bay  
  26  4:36  SCV x2  
  28  4:42  Stimpack  
  28  4:51  Starport  
  28  4:58  SCV  
  28  4:59  SCV  
  30  5:01  Missile Turret  
  30  5:05  Missile Turret  
  30  5:09  Widow Mine  
  30  5:10  Marine  
  30  5:11  SCV  
  30  5:12  SCV  
  35  5:23  SCV  
  35  5:24  SCV  
  35  5:28  Marine  
  37  5:33  Cyclone  
  41  5:41  SCV x3, Barracks x2  
  44  5:46  Marine  
  44  5:50  Starport Tech Lab  
  44  5:53  SCV  
  44  5:54  SCV x2  
  47  6:05  Refinery x2  
  47  6:06  SCV x3  
  50  6:11  Refinery  
  50  6:18  SCV x2  
  52  6:21  Cyclone  
  55  6:31  Marauder  
  57  6:42  Marine  
  57  6:43  Marine  
  57  6:45  Concussive Shells  
  59  6:47  SCV x2  
  59  6:52  Marauder  
  63  6:59  SCV  
  63  7:00  SCV  
  65  7:14  Marauder  
  63  7:35  Marauder  
  63  7:36  Orbital Command  
  65  7:37  SCV  
  65  7:38  SCV  
  66  7:44  Barracks Reactor  
  66  7:45  Barracks Reactor  
  66  7:49  SCV  
  66  7:50  SCV  
  67  7:52  Barracks x2  
  67  7:54  Barracks  
  67  7:56  Marauder  
  67  7:57  Supply Depot  
  69  7:59  Raven  
  69  8:01  Supply Depot  
  69  8:02  SCV, Combat Shield  
  69  8:04  Siege Tank  
  75  8:12  Missile Turret  
  75  8:14  SCV x2, Missile Turret  
  75  8:15  SCV  
  75  8:18  Marauder  
  80  8:21  Marine x4  
  80  8:22  Supply Depot  
  80  8:25  Supply Depot  
  80  8:26  SCV x2  
  80  8:27  SCV  
  87  8:32  Terran Infantry Weapons Level 1  
  87  8:37  Armory  
  87  8:38  SCV  
  87  8:39  Marine x5  
  93  8:42  Medivac  
  93  8:44  SCV x2  
  97  8:50  SCV, Supply Depot  
  97  8:54  Marine x3  
  101  8:56  Marine  
  101  8:57  Marine x4  
  104  9:10  Missile Turret  
  104  9:12  Raven, Marine x3  
  104  9:14  Marine  
  110  9:17  Refinery  
  110  9:18  Refinery  
  110  9:21  Missile Turret  
  110  9:24  Missile Turret  
  110  9:27  Marine x4  
  110  9:30  Marine  
  117  9:40  Barracks Tech Lab  
  117  9:41  Barracks Reactor  
  117  9:45  Siege Tank  
  118  9:54  Engineering Bay, Missile Turret  
  118  9:56  SCV x2  
  118  9:57  SCV  
  121  10:05  Command Center  
  121  10:07  Sensor Tower  
  121  10:08  SCV  
  122  10:17  Siege Tank  
  122  10:19  Barracks Tech Lab  
  125  10:51  Command Center  
  125  10:54  Missile Turret  
  118  11:13  Marauder, Marine  
  118  11:14  Raven, Marauder, Missile Turret  
  118  11:15  Marauder  
  102  11:35  Marauder x2, Missile Turret  
  96  11:50  Marine x7  
  96  11:54  Missile Turret  
  91  11:55  Marine  
  91  11:56  Marine  
  95  12:08  Marine x3  
  97  12:25  Command Center  
  97  12:27  Command Center  
Show
View Real Time Build Order
Export as new Build Order

BLACKAMBUSH Terran - Winner!

Build Orders: 2 Factory, Mech 

Get SALT Encoding   

  12  0:00  SCV  
  13  0:12  SCV  
  14  0:22  Supply Depot  
  14  0:24  SCV  
  15  0:30  Refinery  
  15  0:44  SCV  
  16  0:50  Barracks  
  16  0:56  SCV  
  17  1:13  SCV  
  17  1:14  Refinery  
  17  1:16  Supply Depot  
  18  1:25  SCV  
  19  1:37  SCV  
  20  1:43  Factory  
  20  1:48  Barracks Reactor  
  20  1:57  Orbital Command  
  20  2:06  Factory  
  21  2:22  SCV  
  21  2:32  Barracks Tech Lab  
  21  2:33  Hellion x2  
  21  2:36  Supply Depot  
  25  2:40  SCV  
  29  2:58  Siege Tank  
  29  2:59  Hellion  
  29  3:00  Hellion  
  33  3:27  Command Center  
  33  3:35  Siege Tank  
  33  3:36  Hellion  
  38  4:03  Hellion x2  
  38  4:23  Command Center  
  38  4:39  SCV  
  38  4:42  Orbital Command  
  39  5:02  SCV  
  39  5:04  Command Center  
  40  5:07  Siege Tank  
  43  5:15  Hellion x2  
  43  5:16  SCV  
  48  5:23  SCV  
  49  5:57  SCV x2  
  49  6:00  Refinery  
  49  6:01  Refinery  
  51  6:06  Widow Mine x3  
  51  6:07  Engineering Bay  
  51  6:09  SCV x2  
  57  6:27  Widow Mine  
  57  6:28  Widow Mine x2  
  63  6:35  Missile Turret  
  63  6:36  Orbital Command, Missile Turret  
  63  6:39  Missile Turret  
  63  6:40  Missile Turret  
  63  6:44  Planetary Fortress  
  63  6:52  Armory  
  63  7:07  SCV x2  
  65  7:13  SCV  
  66  7:19  SCV x2  
  68  7:26  Barracks Tech Lab  
  68  7:29  Factory  
  68  7:42  SCV  
  68  7:43  SCV x3, Missile Turret  
  72  7:55  SCV x4  
  72  7:56  Barracks Tech Lab  
  72  7:57  Factory  
  76  8:04  Missile Turret  
  76  8:06  Neosteel Armor  
  76  8:09  Armory  
  76  8:11  Drilling Claws  
  76  8:17  Factory  
  76  8:18  Infernal Pre-Igniter  
  76  8:23  SCV x4  
  76  8:24  Barracks Tech Lab  
  80  8:37  SCV  
  80  8:38  SCV x3  
  84  8:43  Missile Turret  
  84  8:45  Missile Turret  
  84  8:52  Supply Depot  
  84  8:59  Factory Reactor  
  84  9:03  Factory  
  84  9:13  SCV x4  
  88  9:17  Orbital Command  
  88  9:22  Factory  
  88  9:27  SCV x3  
  91  9:39  SCV  
  91  9:41  Missile Turret  
  91  9:42  Missile Turret  
  91  9:44  Missile Turret  
  92  9:49  Refinery x2  
  92  9:55  Supply Depot  
  92  9:57  Supply Depot  
  92  9:58  Terran Vehicle Weapons Level 1, Supply Depot  
  92  9:59  Terran Vehicle And Ship Armor Level 1  
  92  10:00  Hi-Sec Auto Tracking  
  92  10:05  Command Center  
  92  10:13  Factory Tech Lab  
  92  10:16  SCV x4, Smart Servos  
  96  10:26  Supply Depot  
  96  10:28  SCV x2  
  96  10:29  Siege Tank x4  
  96  10:31  Hellion x3  
  116  10:48  Hellion  
  116  10:49  Supply Depot  
  106  10:59  Thor  
  106  11:01  Thor x2  
  124  11:04  Supply Depot  
  124  11:07  Thor  
  124  11:08  Supply Depot  
  124  11:09  Supply Depot  
  130  11:21  Thor  
  130  11:22  Widow Mine x3  
  130  11:23  Widow Mine  
  140  11:43  Thor  
  140  11:44  Thor x2  
Show
View Real Time Build Order
Export as new Build Order

Esquire Protoss - Winner!

Build Orders: Nexus First 

Get SALT Encoding   

  12  0:00  Probe  
  13  0:12  Probe  
  14  0:19  Pylon  
  14  0:24  Probe (Chrono Boost)  
  15  0:37  Probe (Chrono Boost)  
  16  0:46  Probe (Chrono Boost)  
  17  1:04  Nexus  
  17  1:13  Forge  
  17  1:18  Probe (Chrono Boost)  
  18  1:36  Gateway  
  18  1:41  Assimilator  
  18  1:48  Assimilator  
  18  1:53  Photon Cannon  
  18  1:58  Probe  
  18  1:59  Pylon  
  19  2:10  Probe (Chrono Boost)  
  19  2:11  Pylon  
  20  2:21  Probe (Chrono Boost)  
  20  2:22  Probe (Chrono Boost)  
  22  2:28  Probe x2 (Chrono Boost)  
  24  2:36  Cybernetics Core  
  24  2:47  Photon Cannon  
  24  2:50  Probe  
  25  2:53  Probe  
  26  3:02  Photon Cannon  
  26  3:05  Probe  
  26  3:08  Probe  
  28  3:18  Probe  
  29  3:20  Probe  
  29  3:24  Stargate  
  30  3:30  Stargate  
  30  3:35  Pylon  
  30  3:40  Probe (Chrono Boost)  
  32  3:42  Probe (Chrono Boost)  
  33  3:49  Assimilator  
  33  3:50  Probe (Chrono Boost)  
  33  3:51  Probe (Chrono Boost)  
  33  3:53  Assimilator  
  34  3:55  Probe (Chrono Boost)  
  34  3:56  Probe (Chrono Boost)  
  36  4:03  Void Ray  
  36  4:05  Void Ray  
  36  4:07  Probe x2  
  42  4:19  Probe (Chrono Boost)  
  42  4:23  Probe (Chrono Boost)  
  48  4:30  Pylon  
  48  4:31  Probe (Chrono Boost)  
  49  4:34  Probe (Chrono Boost)  
  49  4:36  Probe (Chrono Boost)  
  51  4:43  Probe  
  52  4:46  Probe, Pylon  
  57  4:58  Stargate  
  57  5:01  Pylon  
  57  5:04  Void Ray  
  57  5:06  Pylon  
  57  5:10  Fleet Beacon  
  64  5:43  Flux Vanes  
  64  5:46  Pylon  
  64  5:48  Pylon  
  68  5:53  Pylon  
  68  5:59  Phoenix x3  
  63  6:24  Phoenix x2 (Chrono Boost)  
  65  6:33  Probe  
  65  6:34  Probe  
  65  6:35  Phoenix (Chrono Boost)  
  67  6:40  Anion Pulse-Crystals  
  67  6:42  Phoenix (Chrono Boost)  
  67  6:44  Phoenix (Chrono Boost)  
  75  6:55  Pylon  
  75  6:59  Pylon, Nexus  
  75  7:00  Pylon  
  75  7:01  Void Ray  
  79  7:15  Nexus  
  77  7:17  Void Ray  
  77  7:18  Pylon  
  73  7:23  Void Ray  
  77  7:34  Photon Cannon  
  77  7:35  Photon Cannon  
  77  7:37  Shield Battery  
  77  7:41  Pylon  
  77  7:42  Void Ray  
  77  7:51  Probe, Pylon  
  82  7:55  Protoss Air Weapons Level 1 (Chrono Boost)  
  82  8:03  Probe  
  82  8:04  Probe  
  84  8:10  Probe  
  85  8:15  Probe  
  85  8:16  Probe  
  87  8:24  Assimilator  
  87  8:26  Probe (Chrono Boost)  
  88  8:28  Probe (Chrono Boost)  
  88  8:29  Assimilator  
  88  8:32  Probe (Chrono Boost)  
  88  8:33  Probe (Chrono Boost), Photon Cannon  
  91  8:34  Void Ray  
  91  8:39  Probe (Chrono Boost)  
  91  8:41  Probe x2 (Chrono Boost)  
  98  8:47  Probe x2, Pylon  
  100  8:49  Assimilator  
  100  8:52  Shield Battery, Void Ray (Chrono Boost)  
  100  8:54  Assimilator  
  100  8:59  Probe  
  105  9:06  Void Ray (Chrono Boost)  
  103  9:24  Void Ray (Chrono Boost)  
  103  9:27  Void Ray (Chrono Boost)  
  103  9:31  Probe, Stargate  
  103  9:35  Stargate  
  108  9:41  Void Ray (Chrono Boost)  
  108  9:44  Probe  
  113  9:47  Pylon  
  113  9:48  Probe, Pylon  
  113  9:50  Photon Cannon, Void Ray (Chrono Boost)  
  114  9:55  Probe  
  114  9:56  Probe  
  114  9:57  Void Ray (Chrono Boost)  
  124  10:00  Probe  
  124  10:02  Void Ray (Chrono Boost)  
  125  10:08  Probe x2  
  125  10:12  Probe  
  132  10:15  Void Ray (Chrono Boost)  
  132  10:17  Pylon  
  132  10:20  Probe x2  
  134  10:23  Shield Battery  
  134  10:26  Void Ray (Chrono Boost)  
  137  10:32  Probe  
  132  10:42  Void Ray x3 (Chrono Boost)  
  130  10:49  Void Ray (Chrono Boost)  
  130  10:53  Shield Battery  
  130  10:54  Shield Battery  
  130  10:55  Probe  
  135  10:57  Void Ray (Chrono Boost), Pylon  
  135  10:58  Shield Battery  
  135  11:01  Photon Cannon  
  139  11:12  Void Ray x3  
  147  11:19  Void Ray  
  147  11:31  Void Ray  
  142  11:59  Pylon  
  158  12:10  Nexus  
  158  12:11  Pylon  
  158  12:13  Assimilator x2  
Tags
 
Add a new tag
Caveats
  • Supply blocks, unpowered buildings, or Contaminate may cause inaccurate times.
  • Supply counts are checked every 10 seconds.